 Dungeon Crawl Stone Soup version 0.25-a0-424-g80bd347ae0 (webtiles) character file.

Game seed: 3322638520066171674, levelgen mode: deterministic

210 ReteAZ the Chopper (level 6, 0/48 HPs)
             Began as a Formicid Fighter on Jan 20, 2020.
             Killed from afar by an orc wizard (6 damage)
             ... with a magic dart
             ... on level 3 of the Dungeon.
             The game lasted 00:02:52 (2235 turns).

ReteAZ the Chopper (Formicid Fighter)               Turns: 2235, Time: 00:02:53

Health: 0/48       AC:  7    Str: 22    XL:     6   Next: 12%
Magic:  6/6        EV:  8    Int:  7    God:
Gold:   83         SH:  9    Dex: 11    Spells: 5/5 levels left

rFire    . . .     SeeInvis +   a - +0 war axe
rCold    . . .     Gourm    .   c - +0 shield
rNeg     . . .     Faith    .   b - +0 scale mail
rPois    .         Spirit   .   (helmet unavailable)
rElec    .         Reflect  .   (no cloak)
rCorr    .         Harm     .   (no gloves)
MR       .....                  (no boots)
Stlth    ..........             (no amulet)
HPRegen  0.16/turn              (no ring)
MPRegen  0.10/turn              (no ring)

@: no status effects
A: permanent stasis, dig shafts and tunnels, four strong arms, antennae 3
a: Dig, Shaft Self


You were on level 3 of the Dungeon.
You were not hungry.

You visited 1 branch of the dungeon, and saw 3 of its levels.

You collected 83 gold pieces.

Inventory:

Hand Weapons
 a - a +0 war axe (weapon)
Armour
 b - a +0 scale mail (worn)
 c - a +0 shield (worn)
Jewellery
 r - an uncursed ring of protection from fire {unknown}
Scrolls
 e - 2 scrolls of remove curse {unknown}
 i - 5 scrolls of teleportation {unknown}
 j - 3 scrolls of identify {unknown}
 k - 3 scrolls of magic mapping {unknown}
 l - a scroll of enchant armour {unknown}
 n - a scroll of fog {unknown}
 q - a scroll of blinking {unknown}
Potions
 g - a potion of cancellation {unknown}
 h - 2 potions of heal wounds {unknown}
 m - a potion of ambrosia {unknown}
 o - a potion of mutation {unknown}
 p - 3 potions of lignification {unknown}
Comestibles
 d - 8 chunks of flesh
 f - 4 rations


   Skills:
 - Level 4.0 Fighting
 * Level 4.9 Axes
 - Level 4.0 Armour
 - Level 4.0 Shields


You had 5 spell levels left.
You didn't know any spells.
Your spell library was empty.

Dungeon Overview and Level Annotations

Branches:
Dungeon (3/15)

Altars:
The Shining One


Innate Abilities, Weirdness & Mutations

You cannot be hasted, slowed, berserked, paralysed or teleported.
You can dig through walls and to a lower floor.
Your four strong arms can wield two-handed weapons with a shield.
You have a pair of large antennae on your head. (SInv)


Message History

The leopard gecko bites you but does no damage.
You miss the leopard gecko.
The leopard gecko bites you but does no damage. x2
You slice the leopard gecko!!
You kill the leopard gecko!
The orc wizard gestures at you while chanting.
The puff of flame hits you!
* * * LOW HITPOINT WARNING * * *
You barely miss the orc wizard.
The orc wizard looks encouraged for a moment.
The orc wizard miscasts a cantrip.
You barely miss the orc wizard. You block the orc wizard's attack.
The orc wizard hits you but does no damage.
The orc wizard hits you with a +0 dagger.
* * * LOW HITPOINT WARNING * * *
You hit the orc wizard.
The orc wizard is moderately wounded.
The orc wizard gestures at you while chanting.
The magic dart hits you.
You die...

.## #...|...# # ..#
##.......#
#.#.#.##.......# .#.#.
#.......# ... ##.###.##
#.# #.###.#
##.#####.....#
########o#........#.###
#.....o{#@#####.).....#
## #.#####)###
###.##.#.###. #.#
#............ #.#
#.####..####. #.#
#.##....# #. ..#
#.#...#.# #. ..#
#.#...#.# #. ... {
#.......# #. ###...###
##


You could see an orc wizard (invisible).

Vanquished Creatures
  An orc wizard (D:3)
  Terence (D:3)
  3 gnolls (D:2)
  3 adders
  3 worms
  4 dart slugs
  3 leopard geckos
  7 orcs (D:3)
  7 bats
  2 giant cockroaches
  8 goblins
  5 hobgoblins
  3 jackals (D:2)
  10 kobolds
  2 quokkas (D:2)
  A ball python (D:1)
  5 frilled lizards
  6 rats
74 creatures vanquished.

Notes
Turn   | Place    | Note
-------+----------+-------------------------------------------
     0 | D:1      | ReteAZ the Formicid Fighter began the quest for the Orb.
     0 | D:1      | Reached XP level 1. HP: 18/18 MP: 1/1
   132 | D:1      | Reached XP level 2. HP: 24/24 MP: 2/2
   200 | D:1      | Reached XP level 3. HP: 23/29 MP: 3/3
   865 | D:2      | Reached XP level 4. HP: 27/37 MP: 4/4
  1320 | D:2      | Reached XP level 5. HP: 15/42 MP: 5/5
  1813 | D:3      | Noticed Terence
  1819 | D:3      | Killed Terence
  1932 | D:3      | Found a glowing golden altar of the Shining One.
  2225 | D:3      | Reached XP level 6. HP: 14/48 MP: 6/6
  2235 | D:3      | Killed from afar by an orc wizard

Levels and vault maps discovered:
D:1:      elethiomel_arrival_quiet, layout_loops_ring, corexii_leaking_fountain
D:2:      layout_loops_ring
D:3:      layout_loops_cross, marbit_many_paths, first_ration, uniq_terence

Skill      XL: |  1  2  3  4  5 |
---------------+----------------+-----
Shields        | 4 |  4.0
Axes           | 3 4 |  4.9
Fighting       | 4 |  4.0
Armour         | 4 |  4.0

Action                   |  1- 3 |  4- 6 || total
-------------------------+-------+-------++-------
Melee: War axe           |    99 |   115 ||   214
  Use: Potion            |       |     1 ||     1
  Eat: Chunk             |       |     5 ||     5
Armor: Scale mail        |    46 |    39 ||    85
Dodge: Dodged            |    34 |    32 ||    66
Block: Shield            |    59 |    61 ||   120

Table legend:
 A = Non-vault XP
 B = Vault XP
 C = Vault XP percentage of total XP
 D = Non-vault monster count
 E = Vault monster count
 F = Vault count percentage of total count
                 A         B        C        D         E       F
            +---------+---------+-------+---------+---------+-------
      Total |     261 |      39 |  13.0 |      72 |       2 |   2.7
            +---------+---------+-------+---------+---------+-------
        D:1 |      49 |       0 |   0.0 |      26 |       0 |   0.0
        D:2 |     111 |       0 |   0.0 |      25 |       0 |   0.0
        D:3 |     101 |      39 |  27.9 |      21 |       2 |   8.7
            +---------+---------+-------+---------+---------+-------
